 Seeded DCSS version 0.29.1-15-g9cfb28693d (webtiles) character file.

Game seed: 6320845443627075161 (custom seed)

9 Psyclone the Firebug (level 2, 15/15 HPs)
             Began as a Deep Elf Fire Elementalist on Sept 23, 2023.
             Quit the game on level 1 of the Dungeon.
             The game lasted 00:01:43 (476 turns).

Psyclone the Firebug (Deep Elf Fire Elementalist)    Turns: 476, Time: 00:01:43

Health: 15/15      AC:  3    Str:  8    XL:     2   Next: 3%
Magic:  8/8        EV: 12    Int: 28    God:
Gold:   61         SH:  0    Dex: 15    Spells: 6/7 levels left

rFire   . . .      SeeInvis .   f - +8 dire flail of the Singing Fool {drain, Drain Str+3 Int+9}
rCold   . . .      Faith    .   (shield currently unavailable)
rNeg    . . .      Spirit   .   a - +0 robe
rPois   .          Reflect  .   g - +1 hat {Stlth+}
rElec   .          Harm     .   (no cloak)
rCorr   .          Rampage  .   (no gloves)
Will    .....                   (no boots)
Stlth   +++.......              (no amulet)
HPRegen 0.05/turn               (no ring)
MPRegen 0.11/turn               (no ring)

@: no status effects
A: no striking features
a: no special abilities


You were on level 1 of the Dungeon.
You visited 1 branch of the dungeon, and saw 2 of its levels.

You collected 61 gold pieces.

Inventory:

Hand Weapons
 c - a +0 dagger
 f - the +8 dire flail of the Singing Fool (weapon) {drain, Drain Str+3 Int+9}
   (You acquired it on level 2 of the Dungeon)

   A truly terrible weapon, it drains the life of any living foe it strikes.
   Str:       It affects your strength (+3).
   Int:       It affects your intelligence (+9).
   Drain:     It drains your maximum health when unequipped.
Armour
 a - a +0 robe (worn)
 g - a +1 hat of stealth (worn)
Scrolls
 j - a scroll of teleportation {unknown}
 k - 2 scrolls of magic mapping {unknown}
Potions
 b - a potion of magic
 d - a potion of curing {unknown}
 e - a potion of flight {unknown}
 h - a potion of haste {unknown}
 i - a potion of brilliance {unknown}
 l - a potion of resistance {unknown}


   Skills:
 + Level 2.6 Dodging
 + Level 2.7 Stealth
 + Level 3.2 Spellcasting
 + Level 1.3 Conjurations
 + Level 3.4 Fire Magic


You had 6 spell levels left.
You knew the following spells:

 Your Spells              Type           Power      Damage    Failure   Level
a - Foxfire               Conj/Fire      68%        2x1d7     3%          1

Your spell library contained the following spells:

 Spells                   Type           Power      Damage    Failure   Level
 Scorch                   Fire           46%        2d7       3%          2
 Freeze                   Ice            16%        1d4       9%          1
 Conjure Flame            Conj/Fire      17%        6-21      9%          3
 Inner Flame              Hex/Fire       14%        N/A       12%         3
 Frozen Ramparts          Ice            8%         1d2       24%         3
 Flame Wave               Conj/Fire      17%        2d7       30%         4
 Hailstorm                Conj/Ice       8%         3d4       52%         4


Dungeon Overview and Level Annotations

Branches:
Dungeon (2/15) Zot: 11524

Altars:


Message History

Casting: Foxfire (safe; 3% risk of failure)
Confirm with . or Enter, or press ? or * to list all spells.
You conjure some foxfire!
You now have 7/8 mp.
Casting: Foxfire (safe; 3% risk of failure)
Confirm with . or Enter, or press ? or * to list all spells.
You conjure some foxfire!
The foxfire hits the bat.
You kill the bat!
You now have 6/8 mp.
Casting: Foxfire (safe; 3% risk of failure)
Confirm with . or Enter, or press ? or * to list all spells.
You conjure some foxfire!
Your foxfire dissipates!
You now have 5/8 mp.
Casting: Foxfire (safe; 3% risk of failure)
Confirm with . or Enter, or press ? or * to list all spells.
You conjure some foxfire!
Your foxfire dissipates!
You now have 4/8 mp.
Casting: Foxfire (safe; 3% risk of failure)
Confirm with . or Enter, or press ? or * to list all spells.
You conjure some foxfire!
Your foxfire dissipates! x2
You now have 3/8 mp.
Your foxfire dissipates! x3
Your foxfire dissipates!
Your foxfire dissipates!
Magic restored.
You see here 3 poisoned darts.
You open the door.
There is an open door here.
You open the door.
There is an open door here.
There is an open door here.
Found a plate armour.
MP restored: 8
k - a scroll labelled XIMUT KI DIE
k - 2 scrolls labelled XIMUT KI DIE (gained 1)
l - a fuming purple potion Are you sure you want to abandon this character and quit the game? (Confirm with "yes".)

############
####...........
#..............
#.@............
#..............
#..............
#..............
#..............
.#
#..............
..
#........#...##
#
###...##+#.....
#
####............
+


There were no monsters in sight!

Vanquished Creatures
  2 dart slugs (D:2)
  A ball python (D:1)
  A goblin (D:1)
  A bat (D:1)
5 creatures vanquished.

Vanquished Creatures (others)
  27 foxfires
27 creatures vanquished.

Grand Total: 32 creatures vanquished

Notes
Turn   | Place    | Note
-------+----------+-------------------------------------------
     0 | D:1      | Psyclone the Deep Elf Fire Elementalist began the quest for
                  | the Orb.
     0 | D:1      | Reached XP level 1. HP: 10/10 MP: 6/6
   162 | D:2      | Identified a scroll of acquirement
   162 | D:2      | Acquired the +8 dire flail of the Singing Fool {drain,
                  | Drain Str+3 Int+9}
   209 | D:2      | Reached XP level 2. HP: 15/15 MP: 8/8
   212 | D:2      | Found a faded altar of an unknown god.
   476 | D:1      | Quit the game

Illustrated notes

Levels and vault maps discovered:
D:1:      dpeg_arrival_lava_temple_mockup, layout_basic
D:2:      layout_loops_ring, shapermc_ecumenical_altar_starsandcircs,
          serial_shops, nicolae_shop_window_shopping

Action                   || total
-------------------------++-------
Melee: Dire flail        ||     2
       Dagger            ||     1
 Cast: Foxfire           ||    15
  Use: Scroll            ||     1
Dodge: Dodged            ||     1
